 Dungeon Crawl Stone Soup version 0.25-a0-942-g87a53962fc (webtiles) character file.

Game seed: 1802236413655542090, levelgen mode: deterministic

270 kae the Chiller (level 6, -1/47 HPs)
             Began as a Merfolk Ice Elementalist on May 6, 2020.
             Killed from afar by a white imp (10 damage)
             ... with a puff of frost
             ... summoned by Natasha
             ... on level 3 of the Dungeon.
             The game lasted 00:03:08 (3941 turns).

kae the Chiller (Merfolk Ice Elementalist)          Turns: 3941, Time: 00:03:08

Health: -1/47      AC:  3    Str: 10    XL:     6   Next: 22%
Magic:  15/19      EV: 13    Int: 14    God:
Gold:   129        SH:  0    Dex: 15    Spells: 7/11 levels left

rFire    . . .     SeeInvis .   i - +0 halberd
rCold    . . .     Gourm    .   (shield currently unavailable)
rNeg     . . .     Faith    .   a - +0 robe
rPois    .         Spirit   .   t - +1 hat
rElec    .         Reflect  .   (no cloak)
rCorr    .         Harm     .   (no gloves)
MR       .....                  (no boots)
Stlth    ++........             (no amulet)
HPRegen  0.15/turn              (no ring)
MPRegen  0.16/turn              m - ring of magical power

@: slowed, very slow
A: change form in water, swift swim, stealthy swim
a: no special abilities


You were on level 3 of the Dungeon.
You were hungry.

You visited 1 branch of the dungeon, and saw 3 of its levels.

You collected 129 gold pieces.

Inventory:

Hand Weapons
 i - a +0 halberd (weapon)
 j - a +0 dagger
 k - a +0 dagger
Armour
 a - a +0 robe (worn)
 t - a +1 hat (worn)
Jewellery
 g - a -3 ring of slaying
 m - a ring of magical power (right hand)
 r - an uncursed ring of flight {unknown}
 u - a cursed -3 ring of evasion {unknown}
Scrolls
 e - 2 scrolls of immolation
 f - a scroll of identify
 l - a scroll of amnesia
 p - 2 scrolls of remove curse
 q - a scroll of enchant armour {unknown}
Potions
 b - a potion of brilliance
 d - 3 potions of heal wounds
 h - 3 potions of degeneration
 n - a potion of lignification {unknown}
 o - 2 potions of curing {unknown}
 s - a potion of resistance {unknown}
Comestibles
 c - 3 rations


   Skills:
 - Level 3.0 Fighting
 + Level 1.0 Polearms
 - Level 2.6 Dodging
 - Level 2.1 Stealth
 + Level 3.3 Spellcasting
 * Level 6.4 Ice Magic


You had 7 spell levels left.
You knew the following spells:

 Your Spells              Type           Power        Failure   Level  Hunger
a - Freeze                Ice            ###.         1%          1    #......
b - Frozen Ramparts       Ice            ###...       4%          3    ###....

Your spell library contained the following spells:

 Spells                   Type           Power        Failure   Level  Hunger
 Ozocubu's Armour         Chrm/Ice       ##......     17%         3    ###....
 Hailstorm                Conj/Ice       ##......     50%         4    #####..
 Summon Ice Beast         Ice/Summ       ##......     50%         4    #####..


Dungeon Overview and Level Annotations

Branches:
Dungeon (3/15)

Altars:
Gozag
Hepliaklqana
Makhleb

Annotations:
D:3 Natasha


Message History

You freeze Natasha.
Natasha is lightly wounded.
The shadow imp hits you.
Natasha wildly gestures.
You feel disoriented. Natasha barely misses you.
The white imp shouts, "Succumb, thou bawdy common-kissing simpleton!"
The white imp hits you but does no damage.
Casting: Freeze (safe; 1% risk of failure)
Confirm with . or Enter, or press ? or * to list all spells.
Aiming: Freeze (safe; 1% risk of failure)
Press: ? - help, Shift-Dir - straight line, f/p - Natasha
Aim: Natasha (lightly wounded)
You freeze Natasha.
Natasha is moderately wounded.
The shadow imp misses you. Natasha claws you.
* * * LOW HITPOINT WARNING * * *
The white imp gestures at you. The puff of frost hits you!
You die...

..........##.##..
#..%###...###.#...#.#
#####...###.#.#.....(....
#.............###†#...#.#
#...........#.....##†##..
#..).........#.#.)†).....
#............#.....#.#...
#......55h.......#.#.#.#.
#.......@....#.....###...
#............#..#......##
#............#..###.#..##
#............#..###....<#
#............#.....<#####
#.#.#.........#.#########
# #.##........#.# #.....
#.##........+.# #.....
#.##........### #.....


You could see Natasha, a white imp and a shadow imp.

Vanquished Creatures
  A bullfrog skeleton (D:3)
  Natasha (D:3)
  8 adders
  7 gnolls
  An ooze (D:2)
  An adder skeleton (D:3)
  A worm (D:2)
  A dart slug (D:3)
  2 leopard geckos
  5 giant cockroaches
  10 goblins
  7 hobgoblins
  3 quokkas
  12 bats
  3 frilled lizards
  4 kobolds
  6 rats
73 creatures vanquished.

Notes
Turn   | Place    | Note
-------+----------+-------------------------------------------
     0 | D:1      | kae the Merfolk Ice Elementalist began the quest for the
                  | Orb.
     0 | D:1      | Reached XP level 1. HP: 13/13 MP: 3/3
   304 | D:1      | Reached XP level 2. HP: 18/20 MP: 0/5
   752 | D:1      | Reached skill level 1 in Fighting
  1181 | D:2      | Reached XP level 3. HP: 8/26 MP: 0/6
  1225 | D:2      | Learned a level 3 spell: Frozen Ramparts
  1347 | D:2      | Reached skill level 5 in Ice Magic
  1730 | D:2      | Reached XP level 4. HP: 33/33 MP: 3/7
  1921 | D:2      | Found a burning altar of Makhleb.
  2379 | D:3      | Reached XP level 5. HP: 38/38 MP: 9/9
  2675 | D:3      | Reached skill level 6 in Ice Magic
  3209 | D:3      | Found an opulent altar of Gozag.
  3316 | D:3      | Reached XP level 6. HP: 30/46 MP: 10/10
  3736 | D:3      | Found a hazy altar of Hepliaklqana.
  3780 | D:3      | Noticed Natasha
  3786 | D:3      | Killed Natasha
  3789 | D:3      | Reached skill level 1 in Polearms
  3932 | D:3      | Noticed Natasha
  3941 | D:3      | Killed from afar by a white imp

Levels and vault maps discovered:
D:1:      enne_arrival_octagon_isle, layout_basic
D:2:      layout_rooms, marbit_many_paths, first_ration
D:3:      kennysheep_goblin_castle, layout_basic, lemuel_coloured_pillars_altar,
          nicolae_gozag_cash_rules_everything_around_me, grunt_decor_fettered,
          minmay_fractal_squares_5, uniq_natasha

Skill      XL: |  1  2  3  4  5  6 |
---------------+-------------------+-----
Fighting       | 1 2 3 |  3.0
Ice Magic      | 5 6 |  6.4
Spellcasting   | 3 |  3.3
Polearms       | 1 |  1.0
Dodging        | |  2.6
Stealth        | |  2.1

Action                   |  1- 3 |  4- 6 || total
-------------------------+-------+-------++-------
Melee: Unarmed           |    14 |       ||    14
       Dagger            |    11 |    27 ||    38
       Halberd           |       |    40 ||    40
 Cast: Freeze            |    48 |    51 ||    99
       Frozen Ramparts   |       |     6 ||     6
  Use: Scroll            |     4 |     4 ||     8
 Stab: Sleeping          |       |     3 ||     3
  Eat: Chunk             |     3 |     4 ||     7
       Ration            |       |     1 ||     1
Armor: Robe              |    11 |    15 ||    26
Dodge: Dodged            |    37 |    80 ||   117

Table legend:
 A = Non-vault XP
 B = Vault XP
 C = Vault XP percentage of total XP
 D = Non-vault monster count
 E = Vault monster count
 F = Vault count percentage of total count
                 A         B        C        D         E       F
            +---------+---------+-------+---------+---------+-------
      Total |     337 |      49 |  12.7 |      64 |       9 |  12.3
            +---------+---------+-------+---------+---------+-------
        D:1 |      28 |       0 |   0.0 |      17 |       0 |   0.0
        D:2 |     129 |       3 |   2.3 |      23 |       1 |   4.2
        D:3 |     180 |      46 |  20.4 |      24 |       8 |  25.0
            +---------+---------+-------+---------+---------+-------
